 Dungeon Crawl Stone Soup version 0.25.1-2-g60ff931df9 (webtiles) character file.

Game seed: 6687273612335629574

1000 alex4569 the Archer (level 8, -1/59 HPs)
             Began as a Centaur Arcane Marksman on Aug 9, 2020.
             Was an Initiate of Yredelemnul.
             Slain by a killer bee (5 damage)
             ... while paralysed
             ... on level 5 of the Dungeon.
             The game lasted 01:03:49 (7529 turns).

alex4569 the Archer (Centaur Arcane Marksman)       Turns: 7529, Time: 01:03:50

Health: -1/59      AC:  5    Str: 14    XL:     8   Next: 0%
Magic:  13/13      EV:  1    Int: 13    God:    Yredelemnul [......]
Gold:   357        SH:  0    Dex: 10    Spells: 11/14 levels left

rFire    . . .     SeeInvis .   c - +1 short sword (freeze)
rCold    . . .     Gourm    .   (no shield)
rNeg     . . .     Faith    .   e - +0 robe
rPois    .         Spirit   .   i - +0 helmet
rElec    .         Reflect  .   (no cloak)
rCorr    +         Harm     .   (no gloves)
MR       .....                  (no barding)
Stlth    +.........             (no amulet)
HPRegen  0.19/turn              l - ring of resist corrosion
MPRegen  0.13/turn              (no ring)

@: paralysed, lethally poisoned (-1 -> -3), fainting, very quick
A: large, hooves 3, deformed body, speed 2, tough skin 3
a: Renounce Religion


You were on level 5 of the Dungeon.
You worshipped Yredelemnul.
Yredelemnul was noncommittal.
You were fainting.

You visited 2 branches of the dungeon, and saw 6 of its levels.

You collected 357 gold pieces.

Inventory:

Hand Weapons
 a - a +0 shortbow
 c - a +1 short sword of freezing (weapon)
 h - a +0 hunting sling
 r - a +0 hunting sling
Missiles
 f - 4 boomerangs
 p - 12 arrows
 s - 343 stones (quivered)
 x - a throwing net
 A - 3 datura-tipped darts
Armour
 e - a +0 robe (worn)
 i - a +0 helmet (worn)
 u - a +0 leather armour
Jewellery
 l - a ring of resist corrosion (left hand)
Wands
 z - a wand of iceblast (7)
 B - a wand of digging (4)
Scrolls
 b - 4 scrolls of remove curse {unknown}
 g - 2 scrolls of teleportation {unknown}
 k - 5 scrolls of identify {unknown}
 m - a scroll of enchant weapon {unknown}
 o - a scroll of random uselessness {unknown}
 v - a scroll of amnesia {unknown}
 y - a scroll of fear {unknown}
 D - a scroll of immolation {unknown}
Potions
 d - a potion of lignification {unknown}
 j - 2 potions of stabbing {unknown}
 n - a potion of cancellation
 q - a potion of might
 t - a potion of curing {unknown}
 w - a potion of flight {unknown}
 C - a potion of resistance {unknown}


   Skills:
 - Level 1.0 Fighting
 * Level 10.2 Bows
 - Level 1.3 Dodging
 + Level 3.5 Spellcasting
 - Level 3.4 Hexes


You had 11 spell levels left.
You knew the following spells:

 Your Spells              Type           Power        Failure   Level  Hunger
a - Corona                Hex            ##.....      5%          1    #......
b - Slow                  Hex            ##......     8%          2    ##.....

Your spell library contained the following spells:

 Spells                   Type           Power        Failure   Level  Hunger
 Magic Dart               Conj           #...         22%         1    #......
 Searing Ray              Conj           #.....       32%         2    ##.....
 Dazzling Flash           Conj/Hex       #.....       32%         3    ###....
 Inner Flame              Hex/Fire       #.......     32%         3    ###....
 Portal Projectile        Hex/Tloc       #.....       32%         3    ###....
 Cause Fear               Hex            ##........   45%         4    #####..
 Fulminant Prism          Conj/Hex       #.........   71%         4    #####..
 Leda's Liquefaction      Hex/Erth       #.........   71%         4    #####..
 Iskenderun's Mystic Bla  Conj/Tloc      #.......     91%         4    #####..


Dungeon Overview and Level Annotations

Branches:
Dungeon (5/15)             Temple (1/1) D:4

Altars:
Ashenzari
Cheibriados
Fedhas
Gozag
Makhleb
Nemelex Xobeh
Ru
Vehumet
Xom
Yredelemnul
The Shining One

Annotations:
D:3 1 runed translucent door, lepoulpe303's ghost, amateur SpVM
D:4 1 transporter


Innate Abilities, Weirdness & Mutations

You have hooves in place of feet.
Armour fits poorly on your strangely shaped body.
You cover ground very quickly.
You have extremely tough skin. (AC +3)


Message History

c - a +1 short sword of freezing (weapon)
The killer bee stings you.
You miss the killer bee. The killer bee barely misses you.
The killer bee stings you.
You are poisoned.
The killer bee poisons you! The killer bee barely misses you.
You barely miss the killer bee.
You lose consciousness!
You feel sick. The killer bee stings you. x2
* * * LOW HITPOINT WARNING * * *
You feel sick. The killer bee stings you.
* * * LOW HITPOINT WARNING * * *
The killer bee stings you.
* * * LOW HITPOINT WARNING * * *
The killer bee stings you but does no damage.
The killer bee stings you.
* * * LOW HITPOINT WARNING * * *
The killer bee stings you.
You die...
Your body rises from the dead as a mindless zombie.

.# ### .# .. .#
#. .#
##.#########.####
................
####.#........#
#..........@y(#
##...#.###......#
#...#.#
#.##.......
#...#.# #.#
......( #...#..
#.# ......(
#..<#.. #.#
.......
#..##.###.#
.....## #......
... ...... ##.#


You could see a killer bee.

Vanquished Creatures
  Pikel (D:4)
  A big kobold (D:3)
  A scorpion (D:4)
  2 orc priests (D:4)
  A hound (D:4)
  2 orc wizards (D:4)
  A centaur skeleton (D:5)
  A bullfrog skeleton (D:4)
  6 gnolls (D:3)
  5 adders
  2 oozes (D:2)
  2 worms
  3 dart slugs
  3 orcs (D:3)
  5 bats
  A giant cockroach (D:2)
  6 hobgoblins
  A quokka (D:2)
  A ball python (D:1)
  A ball python skeleton (D:4)
  3 goblins
  46 kobolds
  6 rats
  A plant (D:4)
102 creatures vanquished.

Vanquished Creatures (others)
  3 plants (D:4)
3 creatures vanquished.

Grand Total: 105 creatures vanquished

Notes
Turn   | Place    | Note
-------+----------+-------------------------------------------
     0 | D:1      | alex4569 the Centaur Arcane Marksman began the quest for
                  | the Orb.
     0 | D:1      | Reached XP level 1. HP: 16/16 MP: 2/2
   133 | D:1      | Reached skill level 3 in Bows
  1393 | D:1      | Reached XP level 2. HP: 23/23 MP: 3/3
  1921 | D:1      | Learned a level 2 spell: Slow
  2174 | D:2      | Found a blossoming altar of Fedhas.
  2283 | D:2      | Reached skill level 4 in Bows
  2290 | D:2      | Found a sacrificial altar of Ru.
  2383 | D:2      | Reached XP level 3. HP: 24/28 MP: 1/4
  3153 | D:2      | Reached skill level 5 in Bows
  3153 | D:2      | Reached XP level 4. HP: 23/35 MP: 5/5
  4574 | D:3      | Reached XP level 5. HP: 32/40 MP: 6/6
  4612 | D:3      | Reached skill level 6 in Bows
  5680 | D:3      | Reached skill level 7 in Bows
  5838 | D:3      | Found a runed translucent door.
  5839 | D:3      | Noticed lepoulpe303's ghost (amateur SpVM)
  6057 | D:3      | Reached XP level 6. HP: 35/47 MP: 8/8
  6553 | D:4      | Found a transporter.
  6554 | D:4      | Identified the +4 trident of the Demagogue {venom, +Rage
                  | Str+4}
  6778 | D:4      | Found a staircase to the Ecumenical Temple.
  6894 | D:4      | Reached skill level 8 in Bows
  7051 | Temple   | Entered the Ecumenical Temple
  7099 | Temple   | Became a worshipper of Yredelemnul the Dark
  7163 | D:5      | Entered Level 5 of the Dungeon
  7175 | D:5      | Reached XP level 7. HP: 35/52 MP: 10/10
  7207 | D:5      | Noticed Pikel
  7359 | D:4      | Killed Pikel
  7359 | D:4      | Reached skill level 10 in Bows
  7359 | D:4      | Reached XP level 8. HP: 7/59 MP: 10/13
  7438 | D:4      | Paralysed by fainting for 6 turns
  7452 | D:4      | Paralysed by fainting for 7 turns
  7526 | D:5      | Paralysed by fainting for 8 turns
  7529 | D:5      | Slain by a killer bee

Illustrated notes

Levels and vault maps discovered:
D:1:      lemuel_arrival_rhombus, layout_basic, serial_bayou_crossing
D:2:      mumra_celtic_spiral_tile, layout_basic, marbit_many_paths,
          nicolae_overflow_crystal_walls
D:3:      minmay_goblin_kobold_castle, layout_loops_ring, gammafunk_ghost_grave
D:4:      layout_rooms, minmay_temple_entry_butterflies, serial_forest,
          infiniplex_forest_straight_5, infiniplex_forest_clump_C,
          infiniplex_forest_side_room, infiniplex_forest_clump_diagonal,
          gammafunk_ghost_gnarly_gnolls
D:5:      layout_basic, first_ration, nicolae_ossuary_entry_monument, uniq_pikel
Temple:   eino_narrow_crystal_temple

Skill      XL: |  1  2  3  4  5  6  7 |
---------------+----------------------+-----
Bows           | 3 4 5 7 8 10 | 10.2
Hexes          | 3 |  3.4
Spellcasting   | 2 3 |  3.5
Fighting       | |  1.0
Dodging        | |  1.3

Action                   |  1- 3 |  4- 6 |  7- 9 || total
-------------------------+-------+-------+-------++-------
Melee: Short sword       |    28 |   134 |     4 ||   166
       Kick              |     4 |    34 |       ||    38
 Fire: Shortbow          |    68 |   167 |    27 ||   262
Throw: Stone             |       |     3 |       ||     3
       Boomerang         |       |     2 |     3 ||     5
 Cast: Corona            |     4 |       |       ||     4
       Slow              |     3 |     3 |       ||     6
Evoke: Wand              |       |       |     3 ||     3
  Use: Potion            |       |     3 |     1 ||     4
  Eat: Chunk             |     2 |     2 |       ||     4
       Ration            |     1 |     2 |       ||     3
Armor: Robe              |    26 |    48 |     6 ||    80
Dodge: Dodged            |    38 |    92 |     6 ||   136
